 Dungeon Crawl Stone Soup version 0.18-a0-1157-g59db91b (webtiles) character file.

117322 M4edhros the Unseen (level 16, 0/133 HPs)
             Began as an Octopode Artificer on Jan 21, 2016.
             Was the Champion of Okawaru.
             Slain by an Ice Fiend (7 damage)
             ... in an ice cave on Jan 23, 2016.
             The game lasted 02:08:13 (30184 turns).

M4edhros the Unseen (Octopode Artificer)           Turns: 30184, Time: 02:08:13

Health: 0/133      AC: 10    Str: 17 (19) XL:     16   Next: 73%
Magic:  0/24       EV: 23    Int: 22      God:    Okawaru [******]
Gold:   2290       SH: 13    Dex:  9 (14) Spells: 3 memorised, 13 levels left

rFire  + . .     SeeInvis +     W - +4 falchion "Orysit" {flame, MR+ Stlth+}
rCold  + . .     Gourm    .     m - +1 shield {AC+3}
rNeg   . . .     Faith    .     w - +2 hat {SInv}
rPois  .         Spirit   +     Z - amulet of guardian spirit
rElec  .         Dismiss  .     i - +3 ring of protection
rCorr  .         Reflect  .     n - ring of stealth
SustAt .         Harm     .     q - ring of stealth
MR     ++...     Rnd*Rage +     s - +6 ring of evasion
Stlth  ..........               D - ring of protection from cold
                                d - ring of wizardry
                                O - +4 ring of strength
                                p - ring of protection from fire

@: berserking (expiring), very quick, very resistant to hostile enchantments,
extremely unstealthy
A: almost no armour, amphibious, 8 rings, constrict 8, antennae 1, icy blue
scales 1, camouflage 1, berserk 2, clever 1, deterioration 1, frail 1,
regeneration 1, gelatinous body 1, MP-powered wands
a: Heroism, Finesse, Renounce Religion


You were in an ice cave.
You worshipped Okawaru.
Okawaru was exalted by your worship.
You were not hungry.

You visited 4 branches of the dungeon, and saw 26 of its levels.
You also visited: Labyrinth, Ice Cave and Volcano.

You collected 2344 gold pieces.
You spent 54 gold pieces at shops.

Inventory:

Hand Weapons
 t - a +0 hunting sling
 C - a +2 demon trident of freezing
 I - a +3 short sword of freezing
 M - a +0 blowgun
 W - the +4 falchion "Orysit" (weapon) {flame, MR+ Stlth+}
   (You found it on level 7 of the Dungeon)

   It has been specially enchanted to burn those struck by it, causing extra
   injury to most foes and up to half again as much damage against particularly
   susceptible opponents.
   Big, fiery blades are also staple armaments of hydra-hunters.
   It affects your resistance to hostile enchantments.
   It makes you more stealthy.
 X - a +4 long sword of protection
Missiles
 h - 660 stones (quivered)
 j - 24 exploding sling bullets
 o - 77 sling bullets
 B - 11 steel sling bullets
 P - 8 curare-tipped needles
Armour
 c - a +2 shield of poison resistance
 m - a +1 shield of protection (worn)
 w - a +2 hat of see invisible (worn)
Jewellery
 d - a ring of wizardry (on tentacle)
 i - a +3 ring of protection (left tentacle)
 n - a ring of stealth (right tentacle)
 p - a ring of protection from fire (on tentacle)
 q - a ring of stealth (on tentacle)
 s - a +6 ring of evasion (on tentacle)
 A - an uncursed amulet of rage
 D - a ring of protection from cold (on tentacle)
 O - a +4 ring of strength (on tentacle)
 Z - an amulet of guardian spirit (around mantle)
Wands
 g - a wand of enslavement (0/24)
 u - a wand of heal wounds (4/9)
 K - a wand of heal wounds (1/9)
 N - a wand of digging (13/24)
Scrolls
 e - 5 scrolls of teleportation
 r - 3 scrolls of fog
 x - 4 scrolls of fear
 R - a scroll of blinking
Potions
 a - a potion of resistance
 z - a potion of might
 H - 2 potions of haste
 T - 6 potions of curing
 V - 2 potions of agility
 Y - a potion of magic
Books
 y - Sif Muna's Volume of Blistering Conjuration
   (You found it in an ice cave)

   Spells                             Type                      Level
   a - Flame Tongue                   Conjuration/Fire             1
   b - Throw Flame                    Conjuration/Fire             2
   c - Inner Flame                    Hexes/Fire                   3
   d - Irradiate                      Conjuration/Transmutation    5
Miscellaneous
 b - a phantom mirror
 v - a lamp of fire
 E - a sack of spiders {used: 5}
Comestibles
 f - 3 bread rations
 k - 12 fruits
 l - 5 meat rations
 G - 6 beef jerkies


   Skills:
 - Level 6.0 Fighting
 - Level 1.0 Short Blades
 - Level 10.0 Slings
 * Level 14.8 Dodging
 - Level 18.6 Stealth
 * Level 11.6 Shields
 * Level 5.1 Spellcasting
 + Level 0.2 Charms
 * Level 5.7 Transmutations
 * Level 5.5 Earth Magic
 + Level 2.8 Poison Magic
 - Level 11.2 Evocations


You had 13 spell levels left.
You knew the following spells:

 Your Spells              Type           Power        Failure   Level  Hunger
a - Statue Form           Trmt/Erth      ####.....    92%         6    #######
b - Mephitic Cloud        Conj/Pois/Air  #.......     14%         3    ##.....
c - Regeneration          Chrm/Necr      #.........   24%         3    ##.....


Dungeon Overview and Level Annotations

Branches:
Dungeon (15/15)            Temple (0/1) D:7            Lair (8/8) D:10
 Shoals (0/4) Lair:5       Spider (0/4) Lair:5        Slime (0/6) Lair:8
    Orc (2/2) D:11            Elf (1/3) Orc:2        Vaults (0/5) D:14
 Depths: D:15

Altars:
Cheibriados
Kikubaaqudgha
Nemelex Xobeh
Okawaru
Pakellas
Qazlal
Ru
Sif Muna
Trog
Xom
Yredelemnul
Zin
The Shining One

Shops:
D:6 *   Orc:2 %}*[

Portals:
Pandemonium: Orc:2
Trove: D:10 (give 7 potions of haste)

Annotations:
D:4 2 runed doors
D:9 1 exclusion
Lair:1 exclusion: 2 oklob plants
Lair:3 exclusion: oklob plant


Innate Abilities, Weirdness & Mutations

You cannot wear most types of armour.
You are amphibious.
You can wear up to eight rings at the same time.
You can use your tentacles to constrict eight enemies at once.
Your skin changes colour to match your surroundings (Stealth).
Your rubbery body absorbs attacks (AC +1).
You have a pair of small antennae on your head.
You are partially covered in icy blue scales (AC +1).
You often lose your temper in combat.
Your mind is acute. (Int +2)
Your body sometimes deteriorates upon taking damage.
You are frail (-10% HP).
Your natural rate of healing is unusually fast.
You expend magic power (3 MP) to strengthen your wands.


Message History

The Ice Fiend claws you!
* * * LOW HITPOINT WARNING * * *
The Ice Fiend freezes you! You resist.
* * * LOW HITPOINT WARNING * * *
The Ice Fiend claws you but does no damage.
You are too berserk!
You hit the Ice Fiend but do no damage.
The Ice Fiend is severely wounded.
The Ice Fiend calls on the powers of darkness!
Your body is wracked with pain!
* * * LOW HITPOINT WARNING * * *
Unknown command.
You hit the Ice Fiend but do no damage. Your squeeze misses the Ice Fiend.
The Ice Fiend is severely wounded.
Unknown command.
Unknown command.
You hit the Ice Fiend but do no damage.
The Ice Fiend is severely wounded.
The Ice Fiend claws you!
You die...

##........### ##....###....##
### #.§§###.###...### ..#####
#...##....####..## ......##
######..##.....##...#
.......###.#.........).)###..#
........#.........##...##...##
.....§§......######.####...##
.....§§...####§1@≈≈≈###...##
.....§..###§§§≈##^###...###
....#.###§§§####.......##
#..####§§§###§..........###
#..# #≈≈###.§§§##.........###
..###≈§ #....§##.§####......##
.## §§
#....#§§§§§§§§#.......## ..##§
#...§###.§§§§§##.......##
...## #...§§
##§§§§§§##.......#


You could see an Ice Fiend.

Vanquished Creatures
  Rupert (D:13)
  Gastronok (D:8)
  Snorg (Lair:8)
  Nessos (D:14)
  A deep elf death mage (Elf:1)
  2 vault guards
  A minotaur (Lab)
  A fire dragon (D:14)
  Josephine (Lair:8)
  6 hydras
  A ghost crab (shapeshifter) (D:14)
  4 catoblepae
  A death knight (D:14)
  17 death yaks
  3 centaur warriors (D:14)
  An ogre mage (D:12)
  3 dancing weapons
  5 orc high priests (Orc:2)
  A soul eater (Orc:2)
  A skeletal warrior (D:12)
  2 unseen horrors
  A putrid demonspawn (Orc:2)
  7 hill giants
  7 orc knights
  A phantasmal warrior (D:14)
  Pikel (D:8)
  9 deep elf magi
  A wolf spider zombie (D:12)
  8 orc sorcerers
  4 ugly things
  3 griffons
  3 manticores (D:14)
  An elephant (Lair:7)
  2 cyclopes
  A sixfirhy (Orc:2)
  Joseph (D:8)
  7 black mambas
  A molten gargoyle (Volcano)
  Maurice (D:8)
  3 ice statues
  An orange demon (Orc:2)
  7 spiny frogs
  4 gargoyles
  9 komodo dragons
  A kobold demonologist (D:12)
  14 ice devils (IceCv)
  2 efreet (D:14)
  6 fire drakes
  A freezing wraith (D:14)
  6 trolls
  Grum (D:8)
  5 two-headed ogres
  10 blink frogs
  A snapping turtle (Lair:5)
  22 wolves
  A boulder beetle (Lair:6)
  2 slime creatures (Lair:8)
  Sigmund (D:5)
  56 yaks
  A shadow (D:14)
  A fire elemental (Volcano)
  A hog (shapeshifter) (D:14)
  4 wraiths
  2 hungry ghosts
  13 hippogriffs
  A neqoxec (Orc:2)
  4 wyverns
  4 basilisks
  A human (D:7)
  A vampire mosquito (D:12)
  2 wargs (Orc:2)
  A soldier ant (D:12)
  Menkaure (D:5)
  13 water moccasins
  13 porcupines
  Duvessa (D:6)
  An ice beast (D:12)
  29 orc warriors
  2 necrophages
  2 sky beasts
  An eye of draining (D:12)
  15 ogres
  5 phantoms
  8 centaurs
  14 crocodiles
  3 big kobolds
  22 giant frogs
  Dowan (D:6)
  A wyvern zombie (D:6)
  2 wyvern skeletons
  A water moccasin skeleton (D:8)
  3 scorpions
  11 killer bees
  4 wights
  2 crimson imps (D:9)
  3 giant frog zombies (D:12)
  5 centaur zombies
  2 quasits (D:12)
  10 hounds
  7 jellies
  16 orc priests
  A giant frog skeleton (D:9)
  17 orc wizards
  A gnoll shaman (D:4)
  14 iguanas
  10 worker ants
  A killer bee zombie (D:10)
  27 sheep
  3 hound zombies
  2 worker ant zombies
  Robin (D:3)
  16 adders
  6 gnolls
  59 river rats
  5 shadow imps
  6 white imps (IceCv)
  5 ufetubi (IceCv)
  2 oozes (D:3)
  An adder zombie (D:4)
  2 worms (D:2)
  6 giant geckos
  68 orcs
  3 ball pythons
  9 bats
  4 giant cockroaches
  2 gnoll zombies (D:2)
  21 goblins
  9 hobgoblins
  5 jackals
  3 quokkas
  A giant cockroach zombie (D:5)
  A giant gecko zombie (D:6)
  9 giant newts
  A jackal skeleton (D:8)
  25 kobolds
  A quokka skeleton (D:6)
  6 rats
  4 fungi
858 creatures vanquished.

Vanquished Creatures (collateral kills)
  2 vault guards (D:14)
  5 death yaks (Lair:8)
  An orc high priest (Orc:2)
  A hill giant (D:14)
  4 elephants (Lair:7)
  2 centaur skeletons (D:14)
  A torpor snail (Lair:6)
  An orange demon (Orc:2)
  A spiny frog (Lair:8)
  An ice devil (Orc:2)
  2 wraiths (Lair:8)
  A vampire (D:14)
  A yak (Lair:8)
  A chaos spawn (Orc:2)
  A warg (Orc:2)
  A mottled dragon (D:14)
  A vampire mosquito (D:14)
  A wasp (D:14)
  4 orc warriors (Orc:2)
  A centaur (D:14)
  A giant frog (D:14)
  A wyvern skeleton (D:14)
  4 orc priests
  2 gnolls (D:4)
  2 river rats (Lair:7)
  A shadow imp (D:14)
  2 orcs
46 creatures vanquished.

Vanquished Creatures (others)
  2 hydras
  2 unseen horrors (D:14)
  An orc sorcerer (D:14)
  A yak (Lair:4)
  A hungry ghost (D:8)
  2 wolves (D:8)
  2 water moccasins
  An ice beast (D:8)
  3 slaves (D:8)
  A giant frog (D:8)
  An iguana (D:8)
  A gnoll (D:4)
  3 white imps (IceCv)
  3 ufetubi (IceCv)
  3 orcs
  A bush (Lair:8)
  2 fire vortices (D:9)
  12 fungi
  30 plants
72 creatures vanquished.

Grand Total: 976 creatures vanquished

Notes
Turn   | Place    | Note
--------------------------------------------------------------
     0 | D:1      | M4edhros the Octopode Artificer began the quest for the Orb.
     0 | D:1      | Reached XP level 1. HP: 13/13 MP: 3/3
   128 | D:1      | Reached XP level 2. HP: 18/18 MP: 4/4
   741 | D:3      | Reached XP level 3. HP: 16/23 MP: 5/5
   773 | D:3      | Found a bloodstained altar of Trog.
   828 | D:3      | Noticed Robin
  1108 | D:2      | Found a deep blue altar of Sif Muna.
  1195 | D:3      | Reached XP level 4. HP: 28/28 MP: 6/6
  1296 | D:4      | Found an iron altar of Okawaru.
  1350 | D:4      | Reached skill level 4 in Stealth
  1444 | D:4      | Reached XP level 5. HP: 21/33 MP: 7/7
  1550 | D:4      | Found a large runed door.
  1550 | D:4      | Found a large runed door.
  1577 | D:4      | Found a large runed door.
  1577 | D:4      | Found a large runed door.
  1738 | D:4      | Became a worshipper of Warmaster Okawaru
  1992 | D:1      | Reached skill level 5 in Stealth
  2399 | D:2      | Found a basalt altar of Yredelemnul.
  2612 | D:3      | Found a sparkling altar of Nemelex Xobeh.
  2688 | D:3      | Reached XP level 6. HP: 26/38 MP: 9/9
  2987 | D:3      | Killed Robin
  3233 | D:4      | Reached skill level 5 in Dodging
  3418 | D:4      | Reached skill level 6 in Stealth
  3418 | D:4      | Reached XP level 7. HP: 41/43 MP: 10/10
  3420 | D:4      | Noticed a hippogriff
  3428 | D:4      | Killed a hippogriff
  3743 | D:4      | Reached * piety under Okawaru
  3843 | D:4      | Reached skill level 7 in Stealth
  4063 | D:4      | Gained mutation: You tend to lose your temper in combat. [mutagenic meat]
  4064 | D:4      | Gained mutation: You are partially covered in icy blue scales (AC +1). [mutagenic meat]
  4065 | D:4      | Gained mutation: Your natural rate of healing is unusually fast. [mutagenic meat]
  4066 | D:4      | Gained mutation: One of your tentacles bears a spike. [mutagenic meat]
  4067 | D:4      | Gained mutation: You are frail (-10% HP). [mutagenic meat]
  4068 | D:4      | Gained mutation: You are clumsy. (Dex -2) [mutagenic meat]
  4096 | D:4      | Reached skill level 5 in Evocations
  4096 | D:4      | Reached XP level 8. HP: 43/43 MP: 11/11
  4262 | D:5      | Entered Level 5 of the Dungeon
  4282 | D:5      | Reached skill level 8 in Stealth
  4319 | D:5      | Noticed Menkaure
  4329 | D:5      | Killed Menkaure
  4472 | D:5      | Noticed Sigmund
  4479 | D:5      | Killed Sigmund
  4479 | D:5      | Reached ** piety under Okawaru
  4479 | D:5      | Reached skill level 9 in Stealth
  4515 | D:5      | Found a sacrificial altar of Ru.
  4680 | D:5      | Found a shimmering altar of Xom.
  4681 | D:5      | Found a shimmering altar of Xom.
  4689 | D:5      | Found a shimmering altar of Xom.
  4689 | D:5      | Found a shimmering altar of Xom.
  4751 | D:5      | Reached XP level 9. HP: 46/48 MP: 13/13
  4934 | D:5      | Found a snail-covered altar of Cheibriados.
  5127 | D:6      | Found a glowing golden altar of the Shining One.
  5130 | D:6      | Found Wihuizan's Hallowed Reliquary.
  5131 | D:6      | Noticed an angel
  5185 | D:6      | Reached skill level 10 in Stealth
  5303 | D:6      | Found a sacrificial altar of Ru.
  5403 | D:6      | Noticed Duvessa
  5409 | D:6      | Noticed Dowan
  5427 | D:6      | Killed Duvessa
  5482 | D:6      | Killed Dowan
  5684 | D:6      | Reached *** piety under Okawaru
  5861 | D:7      | Reached skill level 11 in Stealth
  6029 | D:7      | Found a staircase to the Ecumenical Temple.
  6030 | D:7      | Got a crude falchion
  6031 | D:7      | Identified the +4 falchion "Orysit" {flame, MR+ Stlth+} (You found it on level 7 of the Dungeon)
  6094 | D:7      | Found a bloodstained altar of Trog.
  6209 | D:7      | Reached XP level 10. HP: 32/56 MP: 15/15
  6370 | D:8      | Reached **** piety under Okawaru
  6407 | D:8      | Noticed Grum
  6433 | D:8      | Killed Grum
  6444 | D:8      | Reached skill level 12 in Stealth
  6635 | D:8      | Noticed Gastronok
  6638 | D:8      | Noticed Pikel
  6663 | D:8      | Killed Pikel
  6677 | D:8      | Noticed Joseph
  6701 | D:8      | Killed Joseph
  6701 | D:8      | Received a gift from Okawaru
  6745 | D:8      | Lost mutation: You are clumsy. (Dex -2) [potion of mutation]
  6745 | D:8      | Lost mutation: One of your tentacles bears a spike. [potion of mutation]
  6748 | D:8      | Gained mutation: Your magical capacity is low (-10% MP). [potion of mutation]
  6748 | D:8      | Gained mutation: You have a pair of small antennae on your head. [potion of mutation]
  7099 | D:8      | Found a glowing silver altar of Zin.
  7138 | D:8      | Noticed Maurice
  7144 | D:8      | Killed Maurice
  7144 | D:8      | Reached ***** piety under Okawaru
  7144 | D:8      | Reached skill level 1 in Slings
  7273 | D:8      | Killed Gastronok
  7273 | D:8      | Reached skill level 5 in Fighting
  7273 | D:8      | Reached skill level 10 in Dodging
  7273 | D:8      | Reached skill level 13 in Stealth
  7273 | D:8      | Reached XP level 11. HP: 31/64 MP: 15/15
  7466 | D:8      | HP: 3/64 [orc warrior/trident (20)]
  8421 | D:9      | Received a gift from Okawaru
  8425 | D:9      | Reached skill level 1 in Shields
  8935 | D:10     | Entered Level 10 of the Dungeon
  8991 | D:10     | Found a staircase to the Lair.
  9072 | D:10     | Found an oddly glowing altar of Pakellas.
  9561 | D:10     | Found a portal to a secret trove of treasure.
  9597 | D:11     | Noticed a brown ugly thing
  9609 | D:11     | Killed a brown ugly thing
  9613 | D:11     | Gained mutation: You are dopey. (Int -2) [mutagenic meat]
  9786 | D:11     | Received a gift from Okawaru
  9846 | D:11     | Reached skill level 14 in Stealth
  9906 | D:11     | Reached skill level 5 in Slings
  9996 | D:11     | Found a staircase to the Orcish Mines.
 10020 | D:11     | Noticed an unseen horror
 10048 | D:11     | Killed an unseen horror
 10310 | D:12     | Noticed a hill giant
 10328 | D:12     | Killed a hill giant
 10328 | D:12     | Reached ****** piety under Okawaru
 10435 | D:12     | Noticed a hill giant
 10453 | D:12     | Received a gift from Okawaru
 10453 | D:12     | Reached XP level 12. HP: 70/70 MP: 16/16
 11108 | Lair:1   | Entered Level 1 of the Lair of Beasts
 11178 | Lair:1   | Found a labyrinth entrance.
 11197 | Lab      | Entered a labyrinth
 11649 | Lab      | Noticed a minotaur
 11650 | Lab      | Killed a minotaur
 11676 | Lab      | Learned a level 6 spell: Statue Form
 11908 | Lair:1   | Reached skill level 5 in Shields
 13076 | Lair:2   | Found a dark tunnel.
 13079 | Lair:2   | Reached skill level 15 in Stealth
 13086 | Volcano  | Entered a volcano
 13590 | Lair:3   | Received a gift from Okawaru
 13717 | Lair:3   | Reached XP level 13. HP: 74/74 MP: 18/18
 15116 | Lair:4   | Received a gift from Okawaru
 15631 | Lair:4   | Received a gift from Okawaru
 15987 | Lair:5   | Found a hole to the Spider Nest.
 16013 | Lair:5   | Lost mutation: Your magical capacity is low (-10% MP). [potion of cure mutation]
 16013 | Lair:5   | Lost mutation: You have a pair of small antennae on your head. [potion of cure mutation]
 16013 | Lair:5   | Lost mutation: You are dopey. (Int -2) [potion of cure mutation]
 16177 | Lair:5   | Received a gift from Okawaru
 16574 | Lair:5   | Reached skill level 16 in Stealth
 16594 | Lair:5   | Found a staircase to the Shoals.
 16781 | Lair:5   | Upgraded the game from 0.18-a0-1140-g8540535 to 0.18-a0-1147-g8e8348b
 17929 | Lair:6   | Gained mutation: You are agile. (Dex +2) [potion of mutation]
 17929 | Lair:6   | Gained mutation: Your body sometimes deteriorates upon taking damage. [potion of mutation]
 17929 | Lair:6   | Gained mutation: You have a pair of small antennae on your head. [potion of mutation]
 18089 | Lair:7   | Found a stormy altar of Qazlal.
 18276 | Lair:7   | Reached skill level 10 in Evocations
 18341 | Lair:7   | Reached XP level 14. HP: 78/81 MP: 19/21
 18349 | Lair:7   | Received a gift from Okawaru
 18515 | Lair:7   | Upgraded the game from 0.18-a0-1147-g8e8348b to 0.18-a0-1157-g59db91b
 18666 | Lair:7   | Learned a level 3 spell: Mephitic Cloud
 18670 | Lair:7   | Learned a level 3 spell: Regeneration
 18921 | Lair:8   | Entered Level 8 of the Lair of Beasts
 18997 | Lair:8   | Found a staircase to the Slime Pits.
 19186 | Lair:8   | Noticed Josephine
 19318 | Lair:8   | Reached skill level 17 in Stealth
 19416 | Lair:8   | Noticed Snorg
 20543 | Lair:8   | Killed Snorg
 20780 | Lair:8   | Received a gift from Okawaru
 20838 | Lair:8   | Got a scorched shield {god gift}
 20876 | Lair:8   | Killed Josephine
 21110 | Lair:8   | Identified the +0 shield "Xobysud" {Str+3} (Okawaru gifted it to you on level 8 of the Lair of Beasts)
 21260 | Lair:8   | Reached skill level 18 in Stealth
 21260 | Lair:8   | Reached skill level 10 in Shields
 21260 | Lair:8   | Reached XP level 15. HP: 84/84 MP: 21/23
 22702 | D:12     | Identified the Papyrus of Combat Magic (You found it on level 12 of the Dungeon)
 22993 | D:13     | Received a gift from Okawaru
 22993 | D:13     | Reached skill level 1 in Spellcasting
 23125 | D:13     | Noticed Rupert
 23135 | D:13     | Killed Rupert
 23135 | D:13     | Reached skill level 1 in Transmutations
 23135 | D:13     | Reached skill level 1 in Earth Magic
 23410 | D:13     | Reached skill level 10 in Slings
 23736 | D:14     | Found a gate to the Vaults.
 23809 | D:14     | Found an ancient bone altar of Kikubaaqudgha.
 25065 | D:14     | Gained mutation: Your mind is acute. (Int +2) [mutagenic meat]
 25379 | D:14     | Reached XP level 16. HP: 81/89 MP: 22/24
 25471 | D:14     | Noticed Nessos
 25491 | D:14     | Killed Nessos
 25897 | D:15     | Entered Level 15 of the Dungeon
 26475 | Orc:1    | Entered Level 1 of the Orcish Mines
 26606 | Orc:2    | Entered Level 2 of the Orcish Mines
 26639 | Orc:2    | Found a staircase to the Elven Halls.
 26853 | Orc:2    | Reached skill level 1 in Poison Magic
 26992 | Orc:2    | Found Gutiri's General Store.
 27323 | Orc:2    | Found Enod's Food Shop.
 27526 | Orc:2    | Received a gift from Okawaru
 27704 | Orc:2    | Bought 3 fruits for 54 gold pieces
 27848 | Orc:2    | Lost mutation: You are agile. (Dex +2) [a neqoxec]
 27853 | Orc:2    | Gained mutation: You often lose your temper in combat. [a neqoxec]
 27862 | Orc:2    | Gained mutation: You expend magic power (3 MP) to strengthen your wands. [a neqoxec]
 27874 | Orc:2    | Received a gift from Okawaru
 28166 | Orc:2    | Reached skill level 5 in Transmutations
 28218 | Orc:2    | Found Imakicux's Antique Armour Emporium.
 28218 | Orc:2    | Found Ikhiluveu's Gadget Shoppe.
 28219 | Orc:2    | Found a one-way gate leading to the halls of Pandemonium.
 28297 | Elf:1    | Entered Level 1 of the Elven Halls
 28647 | Elf:1    | Found a frozen archway.
 28767 | IceCv    | Entered an ice cave
 29157 | IceCv    | Reached skill level 5 in Earth Magic
 29256 | IceCv    | Reached skill level 5 in Spellcasting
 29561 | IceCv    | Noticed an Ice Fiend
 30143 | IceCv    | Identified Sif Muna's Volume of Blistering Conjuration
 30182 | IceCv    | HP: 6/133 [??? (3)]
 30184 | IceCv    | Slain by an Ice Fiend

Vault maps used:
D:1:      dpeg_arrival_sounds_slurp, minmay_misc_feat_rows,
          grunt_decor_fettered, minivault_19
D:2:      lemuel_zombie_altar_yredelemnul, nicolae_overflow_hidden_temple,
          serial_bayou_ford_a
D:3:      old_standard_altar, nicolae_overflow_crystal_walls, uniq_robin
D:4:      okawaru_gym_becter, first_bread, minmay_hollow_rounded_squares
D:5:      cheibriados_altar_wand_db, xom_redecorated, kennysheep_diamond,
          uniq_menkaure, uniq_sigmund
D:6:      nicolae_ru_sacrificial_ziggurat, minmay_holes, grunt_ministairs_1,
          nicolae_good_shop, uniq_duvessa
D:7:      minmay_temple_entry_statues, grunt_livestock, bloody_trog
D:8:      basic_altar, uniq_gastronok, uniq_grum, uniq_joseph, uniq_pikel,
          uniq_maurice
D:9:      serial_bayou_pond_d, hangedman_incinerator
D:10:     due_lair_maze_entry_diamond, enter_trove_3, serial_park_tiny_pond,
          grunt_pakellas_mercury
D:11:     orc_0_dummy
D:12:     minmay_spiral_squares
D:13:     uniq_rupert
D:14:     evilmike_diamond_1, lightli_vaults_fourway_checkpoint,
          lemuel_doored_altar, uniq_nessos
D:15:     gammafunk_depths_entry_grave, grunt_dithmenos_smoke_and_mirrors,
          uniq_roxanne
Lair:1:   dpeg_oklob_gauntlet, lab_entry_generic, grunt_megastairs_2,
          infiniplex_staircase_pool
Lair:2:   enter_volcano_3, fungi_pond_lemuel, grunt_megastairs_3,
          serial_bayou_shore_b
Lair:3:   lemuel_slime
Lair:5:   minmay_shoals_entry_hut, dummy_spider_entry
Lair:6:   st_stairs_5, nicolae_quartered_pool_medium, lemuel_fruit_fields,
          grunt_megastairs_5
Lair:7:   basic_altar, serial_bayou_shore_a
Lair:8:   evilmike_catoblepas_cave, minmay_slime_entry_pillars,
          lemuel_fruit_fields, uniq_josephine, uniq_snorg
Orc:1:    serial_shops, nicolae_shop_competitors_out_of_business, basic_altar
Orc:2:    pf_orc_diabolical, mines5_lemuel
Elf:1:    eino_elf_arrival_shootout, basic_altar,
          portal_ice_cave_entry_ice_statue_01, hangedman_elf_disciples
IceCv:    ice_cave_small_demon
Volcano:  volcano_overflow

Action                   |  1- 3 |  4- 6 |  7- 9 | 10-12 | 13-15 | 16-18 || total
-------------------------+-------+-------+-------+-------+-------+-------++-------
Melee: Short sword       |    67 |   141 |   135 |   105 |   602 |    69 ||  1119
       Whip              |       |     9 |    94 |       |       |       ||   103
       Falchion          |       |       |    17 |   551 |   428 |    72 ||  1068
       Dagger            |       |       |       |    56 |    19 |       ||    75
       Mace              |       |       |       |    14 |    48 |       ||    62
       Long sword        |       |       |       |       |   384 |   655 ||  1039
 Fire: Hunting sling     |       |       |       |   136 |    97 |    10 ||   243
 Cast: Mephitic Cloud    |       |       |       |       |     5 |       ||     5
Invok: Heroism           |       |       |       |       |     5 |       ||     5
 Abil: Evoke Berserk Rag |       |       |       |     4 |    13 |       ||    17
Evoke: Wand              |       |     4 |     7 |    19 |    63 |     4 ||    97
       Lamp of fire      |       |       |       |     1 |     3 |     1 ||     5
       Sack of spiders   |       |       |       |       |     2 |     3 ||     5
  Use: Scroll            |       |     9 |     6 |    12 |    12 |     5 ||    44
       Potion            |       |     1 |       |    22 |    10 |     9 ||    42
 Stab: Sleeping          |     8 |    14 |    23 |    60 |    90 |    11 ||   206
       Distracted        |       |     1 |       |     2 |     8 |     3 ||    14
       Paralysed         |       |       |       |     1 |    30 |       ||    31
       Petrified         |       |       |       |       |     3 |       ||     3
  Eat: Chunk             |       |     8 |    23 |    37 |    55 |    16 ||   139
       Meat ration       |       |       |       |       |     2 |     2 ||     4
       Pizza             |       |       |       |       |     1 |       ||     1
       Beef jerky        |       |       |       |       |       |     2 ||     2
